 Dungeon Crawl Stone Soup version 0.31.0-12-g77e489cdc1 (webtiles) character file.

Game seed: 5822804778427341877

113 monsoonserge the Vexing (level 5, 0/37 HPs)
             Began as a Formicid Hexslinger on Feb 20, 2024.
             Slain by a river rat (4 damage)
             ... in a sewer.
             The game lasted 00:07:08 (2013 turns).

monsoonserge the Vexing (Formicid Hexslinger)       Turns: 2013, Time: 00:07:09

Health: 0/37       AC:  5    Str: 12    XL:     5   Next: 17%
Magic:  5/6        EV: 11    Int: 13    God:
Gold:   86         SH:  0    Dex: 18    Spells: 4/6 levels left

rFire   . . .        i - +0 longbow
rCold   . . .        (no shield)
rNeg    . . .        j - +0 ring mail
rPois   .            (helmet unavailable)
rElec   .            (no cloak)
rCorr   .            (no gloves)
SInv    +            (no boots)
Will    .....        (no amulet)
Stlth   +            (no ring)
HPRegen 0.26/turn    (no ring)
MPRegen 0.10/turn

%: no passive effects
@: weak-willed, very slow
A: permanent stasis, dig shafts and tunnels, antennae 3, four strong arms
a: Dig


You were in a sewer.
You visited 1 branch of the dungeon, and saw 3 of its levels.
You also visited: Sewer.

You collected 86 gold pieces.

Inventory:

Hand Weapons
 a - a +1 sling
 i - a +0 longbow (weapon)
Missiles
 e - 4 javelins
Armour
 c - a +0 robe
 j - a +0 ring mail (worn)
 l - a +0 leather armour
 p - a +0 scale mail
Wands
 s - a wand of roots (10)
 v - a wand of polymorph (10)
Scrolls
 b - a scroll of poison
 d - 3 scrolls of teleportation {unknown}
 f - 4 scrolls of identify {unknown}
 h - a scroll of vulnerability {unknown}
 m - a scroll of fear {unknown}
 q - a scroll of fog {unknown}
Potions
 g - 2 potions of heal wounds {unknown}
 k - a potion of invisibility {unknown}
 n - 2 potions of mutation {unknown}
 o - a potion of haste {unknown}
 r - 2 potions of brilliance {unknown}
 t - 2 potions of curing {unknown}
 u - a potion of lignification {unknown}


   Skills:
 + Level 1.5 Fighting
 * Level 4.1 Ranged Weapons
 + Level 0.8 Armour
 + Level 2.2 Dodging
 + Level 1.1 Spellcasting
 + Level 4.1 Hexes
 + Level 1.0 Fire Magic
 * Level 0.2 Evocations


You had 4 spell levels left.
You knew the following spells:

 Your Spells              Type           Power      Damage    Failure   Level
a - Jinxbite              Hex            22%        N/A       19%         2

Your spell library contained the following spells:

 Spells                   Type           Power      Damage    Failure   Level
 Sigil of Binding         Hex            11%        N/A       34%         3
 Magic Dart               Conj           0%         1d3       54%         1
 Inner Flame              Hex/Fire       7%         N/A       54%         3
 Mercury Vapours          Alch/Air       0%         N/A       67%         2
 Searing Ray              Conj           0%         2d4       67%         2
 Cause Fear               Hex            5%         N/A       75%         4
 Mephitic Cloud           Conj/Alch/Air  0%         N/A       88%         3
 Dimensional Bullseye     Hex/Tloc       3%         N/A       95%         4
 Fulminant Prism          Conj/Alch      0%         3d5       99%         4
 Freezing Cloud           Conj/Ice/Air   0%         6-21      100%        5


Dungeon Overview and Level Annotations

Branches:
Dungeon (3/15)              Sewer (1/1)

Altars:

Annotations:
D:2 1 runed translucent door, Crazy Yiuf
D:3 1 runed translucent door, Consumeair16's ghost, amateur VSEn


Innate Abilities, Weirdness & Mutations

You cannot be hasted, slowed, berserked, paralysed or teleported.
You can dig through walls and to a lower floor.
You have a pair of large antennae on your head. (SInv)
Your four strong arms can wield two-handed weapons with a shield.


Message History

The river rat barely misses you.
The frilled lizard completely misses you.
The river rat bites you but does no damage.
The river rat barely misses you. The river rat closely misses you.
The frilled lizard bites you but does no damage.
Fire: i) +0 longbow
Press: ? - help, Q - select action, (/) - cycle Shift-Dir - straight line, f/p - ball python
Aim: a ball python (chance to call a sprite on attack: 62%, 57% to hit)
You shoot an arrow. The arrow closely misses the river rat.
The arrow hits the ball python.
You kill the ball python!
The river rat seems less drained.
The river rat bites you. The frilled lizard closely misses you.
The river rat bites you.
The river rat bites you! x2; The frilled lizard bites you.
The jinxing sprites lose interest in you.
The river rat attacks as it pursues you!
The river rat bites you.
* * * LOW HITPOINT WARNING * * *
Unknown command.
Fire: i) +0 longbow
Press: ? - help, Q - select action, (/) - cycle Shift-Dir - straight line, f - river rat
Aim: a river rat (heavily wounded, 57% to hit)
You shoot an arrow. The arrow closely misses the river rat.
The arrow hits the river rat but does no damage.
The river rat is heavily wounded.
The river rat barely misses you.
The frilled lizard bites you but does no damage.
The river rat barely misses you.
The frilled lizard bites you but does no damage.
Fire: i) +0 longbow
Press: ? - help, Q - select action, (/) - cycle Shift-Dir - straight line, f/p - river rat
Aim: a river rat (heavily wounded, 57% to hit)
You shoot an arrow.
The arrow completely misses the river rat.
The arrow barely misses the river rat.
The frilled lizard bites you but does no damage.
The river rat bites you.
* * * LOW HITPOINT WARNING * * *
The river rat bites you.
You die...

#. #~ #~ #. #~ #~
######.##################
..~~~†rr@~~..~...~.~.~.∩#
~~.~~~~lr~~....~...~...∩#
#########################


You could see 2 river rats, a frilled lizard and a rat.

Vanquished Creatures
  Terence (D:2)
  2 adders (D:3)
  A ribbon worm (D:2)
  4 orcs
  5 bats
  5 endoplasms
  2 giant cockroaches
  3 goblins
  2 hobgoblins (D:2)
  8 jackals
  3 kobolds
  3 quokkas
  9 ball pythons
  7 frilled lizards
  4 rats
59 creatures vanquished.

Notes
Turn   | Place    | Note
-------+----------+-------------------------------------------
     0 | D:1      | monsoonserge the Formicid Hexslinger began the quest for
                  | the Orb.
     0 | D:1      | Reached XP level 1. HP: 15/15 MP: 2/2
   186 | D:1      | Reached XP level 2. HP: 21/21 MP: 3/3
   198 | D:1      | Learned a level 2 spell: Jinxbite
   210 | D:1      | Found a faded altar of an unknown god.
   750 | D:2      | Noticed Terence
   751 | D:2      | Reached XP level 3. HP: 26/26 MP: 4/4
   760 | D:2      | Killed Terence
   822 | D:2      | Reached XP level 4. HP: 32/32 MP: 5/5
  1309 | D:2      | Found a runed translucent door.
  1310 | D:2      | Noticed Crazy Yiuf
  1625 | D:3      | Noticed Consumeair16's ghost (amateur VSEn)
  1629 | D:3      | Found a runed translucent door.
  1883 | D:3      | Reached XP level 5. HP: 37/37 MP: 6/6
  1932 | D:3      | Noticed Sigmund
  1934 | D:3      | Sigmund changed into Sigmund the quokka
  1934 | D:3      | Noticed Sigmund
  1935 | D:3      | Killed Sigmund the quokka
  1980 | D:3      | Found a glowing drain.
  1989 | Sewer    | Entered a sewer
  2013 | Sewer    | Slain by a river rat

Illustrated notes

Levels and vault maps discovered:
D:1:      ncdulo_lavacross, layout_basic, shapermc_ecumenical_altar_mp_highgroup
D:2:      layout_basic, serial_rivers, chequers_serial_rivers_small_3,
          chequers_serial_rivers_micro_d, chequers_serial_rivers_small_b,
          chequers_serial_rivers_large_a, chequers_serial_rivers_micro_b,
          uniq_terence, uniq_crazy_yiuf_cottage
D:3:      layout_rooms, nicolae_overflow_hidden_temple, portal_sewer_entry_d,
          hellmonk_ghost_happy_afterlife, uniq_sigmund
Sewer:    sewer_co_cracked_pipes

Skill      XL: |  1  2  3  4  5 |
---------------+----------------+-----
Dodging        | 2 |  2.2
Hexes          | 4 |  4.1
Ranged Weapons | 3 4 |  4.1
Fighting       | |  1.5
Armour         | |  0.8
Spellcasting   | |  1.1
Fire Magic     | |  1.0
Evocations     | |  0.2

Action                     |  1- 3 |  4- 6 || total
---------------------------+-------+-------++-------
   Fire: Sling             |    44 |     6 ||    50
         Longbow           |       |   100 ||   100
   Cast: Jinxbite          |     1 |     2 ||     3
Ability: Dig               |     2 |       ||     2
  Evoke: Wand              |       |     1 ||     1
 Armour: Robe              |     5 |     3 ||     8
         Ring mail         |       |    55 ||    55
  Dodge: Dodged            |     3 |    70 ||    73
